 Dungeon Crawl Stone Soup version 0.25-a0-663-gace7076f2c (webtiles) character file.

Game seed: 6210948710769680117, levelgen mode: deterministic

173 Esekla the Stinger (level 5, -2/34 HPs)
             Began as an Octopode Venom Mage on Mar 24, 2020.
             Slain by a water moccasin skeleton (7 damage)
             ... on level 4 of the Dungeon.
             The game lasted 00:17:21 (2701 turns).

Esekla the Stinger (Octopode Venom Mage)            Turns: 2701, Time: 00:17:21

Health: -2/34      AC:  1    Str:  8    XL:     5   Next: 53%
Magic:  9/9        EV: 13    Int: 22    God:
Gold:   155        SH:  0    Dex: 12    Spells: 3/9 levels left

rFire    . . .     SeeInvis .   c - +0 short sword
rCold    . . .     Gourm    .   (no shield)
rNeg     . . .     Faith    .   (helmet restricted)
rPois    .         Spirit   .   (no amulet)
rElec    .         Reflect  .   k - +4 ring of intelligence
rCorr    .         Harm     .   (no ring)
MR       .....                  (no ring)
Stlth    +++.......             (no ring)
HPRegen  0.11/turn              (no ring)
MPRegen  0.11/turn              (no ring)
                                (no ring)
                                (no ring)

@: no status effects
A: almost no armour, stealthy swim, amphibious, 8 rings, constrict 8, camouflage
1, gelatinous body 1
a: no special abilities


You were on level 4 of the Dungeon.
You were not hungry.

You visited 1 branch of the dungeon, and saw 4 of its levels.

You collected 155 gold pieces.

Inventory:

Hand Weapons
 c - a +0 short sword (weapon)
 j - a +0 spear
Missiles
 o - 21 poisoned darts (quivered)
Jewellery
 k - a +4 ring of intelligence (left tentacle)
Scrolls
 a - 2 scrolls of enchant armour {unknown}
 g - 3 scrolls of remove curse {unknown}
 i - 4 scrolls of teleportation {unknown}
 n - a scroll of magic mapping {unknown}
 p - a scroll of amnesia {unknown}
 r - 2 scrolls of identify {unknown}
 s - a scroll of fog {unknown}
Potions
 d - 3 potions of brilliance {unknown}
 e - a potion of berserk rage {unknown}
 f - a potion of curing {unknown}
 h - 2 potions of heal wounds {unknown}
 l - a potion of ambrosia {unknown}
 m - a potion of degeneration {unknown}
 q - a potion of lignification {unknown}
Comestibles
 b - 4 rations


   Skills:
 * Level 1.6 Fighting
 + Level 1.2 Short Blades
 + Level 2.1 Dodging
 + Level 3.6 Stealth
 * Level 2.9 Spellcasting
 * Level 0.1 Conjurations
 - Level 1.0 Transmutations
 * Level 2.1 Air Magic
 + Level 4.4 Poison Magic


You had 3 spell levels left.
You knew the following spells:

 Your Spells              Type           Power        Failure   Level  Hunger
a - Sting                 Tmut/Pois      ###.         4%          1    None
c - Mephitic Cloud        Conj/Pois/Air  ##......     16%         3    ###....
v - Poisonous Vapours     Pois/Air       ###...       4%          2    ##.....

Your spell library contained the following spells:

 Spells                   Type           Power        Failure   Level  Hunger
 Ignite Poison            Fire/Tmut/Pois ##......     19%         3    ###....
 Olgreb's Toxic Radiance  Pois           ###.....     21%         4    ####...


Dungeon Overview and Level Annotations

Branches:
Dungeon (4/15)
 Temple: D:4-7

Altars:


Innate Abilities, Weirdness & Mutations

You cannot wear most types of armour.
You are very stealthy in the water. (Stealth+)
You are amphibious.
You can wear up to eight rings at the same time.
You can use your tentacles to constrict eight enemies at once.
Your skin changes colour to match your surroundings (Stealth+).
Your rubbery body absorbs attacks. (AC +1, EV +1)


Message History

You hit the water moccasin skeleton.
The water moccasin skeleton is moderately damaged.
You constrict the water moccasin skeleton.
The water moccasin skeleton bites you!
The water moccasin skeleton barely misses you.
You completely miss the water moccasin skeleton.
The water moccasin skeleton is moderately damaged.
You constrict the water moccasin skeleton.
The water moccasin skeleton bites you.
You hit the water moccasin skeleton.
You squeeze the water moccasin skeleton.
The water moccasin skeleton is heavily damaged.
You constrict the water moccasin skeleton.
The water moccasin skeleton bites you.
* * * LOW HITPOINT WARNING * * *
You hit the water moccasin skeleton.
The water moccasin skeleton is heavily damaged.
You constrict the water moccasin skeleton.
The water moccasin skeleton bites you!
You die...

#..# ...
####..##.#
#........#
#.)......#
#...)....#
#<.......##
###.......#
#.Z.....#.
#.@.......
#.......##
#.......#
#.......#
#.......#
#########


You could see a water moccasin skeleton.

Vanquished Creatures
  Jessica (D:2)
  3 adders
  6 gnolls
  An ooze (D:3)
  3 worms
  2 dart slugs
  2 leopard geckos
  3 bats
  A giant cockroach (D:3)
  3 goblins
  7 hobgoblins
  A quokka (D:2)
  4 frilled lizards
  9 kobolds
  7 rats
53 creatures vanquished.

Notes
Turn   | Place    | Note
-------+----------+-------------------------------------------
     0 | D:1      | Esekla the Octopode Venom Mage began the quest for the Orb.
     0 | D:1      | Reached XP level 1. HP: 11/11 MP: 3/3
   199 | D:1      | Reached XP level 2. HP: 15/17 MP: 3/5
   250 | D:1      | Learned a level 2 spell: Poisonous Vapours
   447 | D:1      | Reached skill level 4 in Poison Magic
   536 | D:1      | Reached XP level 3. HP: 8/22 MP: 1/6
   919 | D:2      | Reached skill level 1 in Fighting
   995 | D:2      | Noticed Jessica
  1092 | D:2      | Killed Jessica
  1092 | D:2      | Reached XP level 4. HP: 25/28 MP: 4/8
  1446 | D:1      | Learned a level 3 spell: Mephitic Cloud
  1468 | D:2      | Reached skill level 1 in Air Magic
  1552 | D:2      | Reached skill level 1 in Short Blades
  1668 | D:2      | Reached XP level 5. HP: 32/33 MP: 9/9
  2701 | D:4      | Slain by a water moccasin skeleton

Levels and vault maps discovered:
D:1:      grunt_arrival_lava_bath, layout_basic, minivault_26,
          minmay_stone_trees_medium, kennysheep_minor_cross, chequers_jeans,
          minmay_cut_off
D:2:      layout_basic, uniq_jessica
D:3:      layout_basic, first_ration, lemuel_old_faithful
D:4:      layout_rooms, temple_doors_cd, serial_shops, shop,
          lemuel_altar_in_water

Skill      XL: |  1  2  3  4  5 |
---------------+----------------+-----
Poison Magic   | 4 |  4.4
Fighting       | 1 |  1.6
Stealth        | 3 |  3.6
Air Magic      | 1 2 |  2.1
Short Blades   | 1 |  1.2
Dodging        | |  2.1
Spellcasting   | |  2.9
Conjurations   | |  0.1
Transmutations | |  1.0

Action                   |  1- 3 |  4- 6 || total
-------------------------+-------+-------++-------
Melee: Short sword       |    48 |    44 ||    92
       Unarmed           |     4 |       ||     4
       Constrict         |    15 |    10 ||    25
       Tentacles         |     8 |     4 ||    12
       Halberd           |       |     1 ||     1
 Cast: Sting             |     8 |       ||     8
       Poisonous Vapours |    15 |    15 ||    30
       Mephitic Cloud    |       |     1 ||     1
 Stab: Sleeping          |     5 |    10 ||    15
       Confused          |       |     1 ||     1
  Eat: Chunk             |       |     4 ||     4
       Ration            |       |     1 ||     1
Armor: Skin              |     3 |       ||     3
Dodge: Dodged            |    32 |    19 ||    51

Table legend:
 A = Non-vault XP
 B = Vault XP
 C = Vault XP percentage of total XP
 D = Non-vault monster count
 E = Vault monster count
 F = Vault count percentage of total count
                 A         B        C        D         E       F
            +---------+---------+-------+---------+---------+-------
      Total |     203 |      45 |  18.1 |      48 |       5 |   9.4
            +---------+---------+-------+---------+---------+-------
        D:1 |      31 |       8 |  20.5 |      19 |       4 |  17.4
        D:2 |      92 |      37 |  28.7 |      16 |       1 |   5.9
        D:3 |      38 |       0 |   0.0 |      10 |       0 |   0.0
        D:4 |      42 |       0 |   0.0 |       3 |       0 |   0.0
            +---------+---------+-------+---------+---------+-------
